 Dungeon Crawl Stone Soup version 0.29-a0-106-g0a07039d5a (webtiles) character file.

Game seed: 2632132249003853366

352 frimble the Thaumaturge (level 6, -2/70 HPs)
             Began as a Gnoll Wanderer on Feb 17, 2022.
             Slain by a wyvern (4 damage)
             ... on level 7 of the Dungeon.
             The game lasted 00:07:49 (4332 turns).

frimble the Thaumaturge (Gnoll Wanderer)            Turns: 4332, Time: 00:07:49

Health: -2/70      AC: 23    Str: 10    XL:     6   Next: 62%
Magic:  9/18       EV:  2    Int: 13    God:
Gold:   227        SH:  0    Dex: 19    Spells: 22/24 levels left

rFire   . . .      SeeInvis .   e - +1 hand axe (elec)
rCold   . . .      Faith    .   (no shield)
rNeg    . . .      Spirit   .   (armour currently unavailable)
rPois   +          Reflect  .   (helmet currently unavailable)
rElec   .          Harm     .   (cloak currently unavailable)
rCorr   .          Rampage  .   (gloves currently unavailable)
Will    .....      NoTele   +   (boots currently unavailable)
Stlth   +++.......              (no amulet)
HPRegen 0.21/turn               i - +6 ring of dexterity
MPRegen 0.16/turn               (no ring)

@: tree-form
A: stationary, stasis, torment immunity, boosted hp, (fangs 1), strong nose,
distributed training
a: no special abilities


You were on level 7 of the Dungeon.
You were a tree.
You visited 1 branch of the dungeon, and saw 8 of its levels.

You collected 227 gold pieces.

Inventory:

Hand Weapons
 a - a +2 hunting sling
 e - a +1 hand axe of electrocution (weapon)
Missiles
 b - 35 sling bullets
 h - 79 stones (quivered)
Armour
 c - a +0 cloak (melded)
 d - a +0 robe (melded)
 f - a +0 pair of gloves (melded)
Jewellery
 g - an amulet of guardian spirit
 i - a +6 ring of dexterity (left branch)
Wands
 l - a wand of polymorph (4)
Scrolls
 j - a scroll of enchant armour
 o - a scroll of teleportation
Potions
 m - a potion of attraction {unknown}
 n - 3 potions of brilliance {unknown}
 q - a potion of might
 r - a potion of heal wounds


   Skills:
 + Level 3.3 Fighting
 + Level 2.0 Short Blades
 + Level 2.0 Long Blades
 + Level 2.0 Axes
 + Level 2.0 Maces & Flails
 + Level 2.0 Polearms
 + Level 2.0 Staves
 + Level 5.0 Slings
 + Level 2.0 Bows
 + Level 2.0 Crossbows
 + Level 2.0 Throwing
 + Level 2.0 Armour
 + Level 3.3 Dodging
 + Level 3.1 Stealth
 + Level 2.0 Shields
 + Level 2.0 Unarmed Combat
 + Level 9.5 Spellcasting
 + Level 1.6 Conjurations
 + Level 1.6 Hexes
 + Level 1.6 Summonings
 + Level 1.6 Necromancy
 + Level 1.6 Translocations
 + Level 1.6 Transmutations
 + Level 2.7 Fire Magic
 + Level 1.6 Ice Magic
 + Level 1.6 Air Magic
 + Level 1.6 Earth Magic
 + Level 1.6 Poison Magic
 + Level 2.2 Invocations
 + Level 2.0 Evocations


You had 22 spell levels left.
You knew the following spells:

 Your Spells              Type           Power      Damage    Failure   Level
a - Foxfire               Conj/Fire      44%        2x1d6     4%          1
b - Apportation           Tloc           20%        N/A       6%          1

Your spell library contained the following spells:

 Spells                   Type           Power      Damage    Failure   Level
 Summon Small Mammal      Summ           40%        N/A       6%          1
 Conjure Flame            Conj/Fire      11%        6-21      14%         3
 Call Canine Familiar     Summ           10%        N/A       19%         3
 Summon Guardian Golem    Hex/Summ       10%        N/A       19%         3


Dungeon Overview and Level Annotations

Branches:
Dungeon (8/15)
 Temple: D:4-7         Lair: D:8-11

Altars:
Hepliaklqana

Annotations:
D:3 Grinder, Sigmund
D:4 exclusion: steam dragon
D:5 Dowan, Duvessa, Edmund, Prince Ribbit


Innate Abilities, Weirdness & Mutations

You are a tree.
Your roots penetrate the ground, keeping you stationary.
You cannot be teleported.
You are immune to unholy pain and torment.
Your maximum health is greatly increased.
Your equipment is partially melded.
((You have very sharp teeth.))
Your uncanny sense of smell can sniff out nearby items.
Your experience applies equally to all skills.


Message History

Confirm with . or Enter, or press ? or * to list all spells.
You conjure some foxfire!
The foxfire hits the wyvern but does no damage.
The wyvern is heavily wounded.
The foxfire hits the wyvern.
The wyvern is heavily wounded.
The wyvern bites you but does no damage. x2
Casting: Foxfire (safe; 4% risk of failure)
Confirm with . or Enter, or press ? or * to list all spells.
You conjure some foxfire!
The foxfire hits the wyvern but does no damage.
The wyvern is heavily wounded.
The wyvern bites you but does no damage.
You hit the wyvern but do no damage.
The wyvern is heavily wounded.
The foxfire hits the wyvern.
The wyvern is severely wounded.
The foxfire hits the wyvern.
The wyvern is almost dead.
The wyvern bites you but does no damage. x2
You barely miss the wyvern.
The wyvern is almost dead.
The wyvern bites you!
* * * LOW HITPOINT WARNING * * *
The wyvern bites you!
* * * LOW HITPOINT WARNING * * *
You closely miss the wyvern.
The wyvern is almost dead.
The wyvern bites you but does no damage.
You closely miss the wyvern.
The wyvern is almost dead.
The wyvern bites you.
* * * LOW HITPOINT WARNING * * *
The wyvern bites you but does no damage.
Casting: Foxfire (safe; 4% risk of failure)
Confirm with . or Enter, or press ? or * to list all spells.
You conjure some foxfire!
The wyvern bites you.
* * * LOW HITPOINT WARNING * * *
The wyvern bites you.
You die...

#### #v♣## ###.lv##
### #......#####.####
##..#......#.##.##
#..###..........#
#....####........#
.....#...#........#
...................#
#..#...............##


You could see a wyvern (ally target).

Vanquished Creatures
  A phantom (D:7)
  A jelly (D:4)
  Natasha (D:3)
  A scorpion zombie (D:3)
  A hound skeleton (D:4)
  8 gnolls
  5 adders
  3 dart slugs
  5 ball pythons
  7 bats
  6 endoplasms
  3 giant cockroaches
  5 goblins
  5 hobgoblins
  4 kobolds (D:4)
  3 quokkas (D:1)
  5 frilled lizards
  3 rats
67 creatures vanquished.

Vanquished Creatures (collateral kills)
  A foxfire (D:1)
1 creature vanquished.

Vanquished Creatures (others)
  105 foxfires
  A plant (D:1)
106 creatures vanquished.

Grand Total: 174 creatures vanquished

Notes
Turn   | Place    | Note
-------+----------+-------------------------------------------
     0 | D:1      | Reached skill level 9 in Spellcasting
     0 | D:1      | frimble the Gnoll Wanderer began the quest for the Orb.
     0 | D:1      | frimble set off with the following items: a +2 hunting
                  | sling, 19 sling bullets, a +0 cloak, a +0 robe; and the
                  | following spell memorised: Foxfire; and the following
                  | spells available to memorise: Conjure Flame
     0 | D:1      | Reached XP level 1. HP: 17/17 MP: 10/10
   187 | D:1      | Reached XP level 2. HP: 11/23 MP: 10/12
   896 | D:1      | HP: 1/23 [gnoll (6)]
   898 | D:1      | Reached XP level 3. HP: 2/28 MP: 10/13
  1211 | D:1      | Reached skill level 1 in Invocations
  1385 | D:1      | Found a faded altar of an unknown god.
  1391 | D:1      | Got Plato's Collected Works on the Compass
  1692 | D:2      | Reached skill level 1 in Short Blades
  1692 | D:2      | Reached skill level 1 in Long Blades
  1692 | D:2      | Reached skill level 1 in Axes
  1692 | D:2      | Reached skill level 1 in Maces & Flails
  1692 | D:2      | Reached skill level 1 in Polearms
  1692 | D:2      | Reached skill level 1 in Staves
  1692 | D:2      | Reached skill level 1 in Bows
  1692 | D:2      | Reached skill level 1 in Crossbows
  1692 | D:2      | Reached skill level 1 in Throwing
  1692 | D:2      | Reached skill level 1 in Armour
  1692 | D:2      | Reached skill level 1 in Shields
  1692 | D:2      | Reached skill level 1 in Unarmed Combat
  1692 | D:2      | Reached skill level 1 in Evocations
  2242 | D:3      | Reached XP level 4. HP: 33/34 MP: 15/15
  2647 | D:3      | Reached skill level 1 in Conjurations
  2647 | D:3      | Reached skill level 1 in Hexes
  2647 | D:3      | Reached skill level 1 in Summonings
  2647 | D:3      | Reached skill level 1 in Necromancy
  2647 | D:3      | Reached skill level 1 in Translocations
  2647 | D:3      | Reached skill level 1 in Transmutations
  2647 | D:3      | Reached skill level 1 in Ice Magic
  2647 | D:3      | Reached skill level 1 in Air Magic
  2647 | D:3      | Reached skill level 1 in Earth Magic
  2647 | D:3      | Reached skill level 1 in Poison Magic
  2736 | D:3      | Noticed Natasha
  2762 | D:3      | Reached XP level 5. HP: 10/40 MP: 14/16
  2763 | D:3      | Killed Natasha
  2774 | D:3      | Noticed Grinder
  2821 | D:3      | Noticed Sigmund
  3210 | D:4      | Learned a level 1 spell: Apportation
  3628 | D:4      | Reached XP level 6. HP: 47/47 MP: 13/18
  3812 | D:4      | Noticed a steam dragon
  3839 | D:5      | Entered Level 5 of the Dungeon
  3846 | D:5      | Noticed Duvessa
  3846 | D:5      | Noticed Dowan
  3958 | D:5      | Noticed Prince Ribbit
  3967 | D:5      | Noticed a black bear
  4166 | D:5      | Found a hazy altar of Hepliaklqana.
  4166 | D:5      | Noticed Edmund
  4170 | D:5      | Noticed a sky beast
  4214 | D:6      | Noticed a sky beast
  4248 | D:6      | Noticed a necrophage
  4267 | D:8      | Noticed a six-headed hydra
  4267 | D:8      | Noticed an orc warrior
  4267 | D:8      | Noticed a steam dragon
  4297 | D:7      | Reached skill level 5 in Slings
  4313 | D:7      | Noticed a wyvern
  4322 | D:7      | HP: 2/47 [wyvern (9)]
  4332 | D:7      | HP: 2/70 [wyvern (4)]
  4332 | D:7      | Slain by a wyvern

Illustrated notes

Levels and vault maps discovered:
D:1:      kennysheep_arrival_forest, layout_basic,
          shapermc_ecumenical_altar_rom_forum
D:2:      layout_basic, grunt_ministairs_13, minivault_24,
          kennysheep_big_empty_room, minmay_misc_feat_alley,
          grunt_decor_fettered
D:3:      layout_basic, serial_co_window_serial, co_window_of_opportunity_a,
          co_window_paths_a, co_window_paths_a, co_window_paths_a,
          co_window_paths_a, co_window_broadway_b, co_window_2corner,
          co_window_unsneaky_path_d, co_window_corner_ca, co_window_broadway_a,
          co_window_broadway_c, co_window_2corner, glass_columns_b,
          uniq_sigmund, uniq_grinder, uniq_natasha
D:4:      layout_basic
D:5:      layout_rooms, mainiacjoe_overflow_boulevard, uniq_duvessa,
          uniq_prince_ribbit1, uniq_edmund, uniq_crazy_yiuf_cottage
D:6:      layout_layer_cave, temple_doors_ab
D:7:      layout_cave_pools, minmay_manual_mess
D:8:      layout_loops_ring, mainiacjoe_overflow_surrounded_room,
          mainiacjoe_overflow_24_doors, corner_web_ring, dk_noncrumbling_4,
          grunt_ogre_cave, grunt_ministairs_2, serial_bayou_pond_b, st_stairs_1,
          ebering_dispersal_statue_hall

Skill      XL: |  1  2  3  4  5  6 |
---------------+-------------------+-----
Spellcasting   | |  9.5
Fire Magic     | 2 |  2.7
Invocations    | 1 2 |  2.2
Short Blades   | 1 2 |  2.0
Long Blades    | 1 2 |  2.0
Axes           | 1 2 |  2.0
Maces & Flails | 1 2 |  2.0
Polearms       | 1 2 |  2.0
Staves         | 1 2 |  2.0
Bows           | 1 2 |  2.0
Crossbows      | 1 2 |  2.0
Throwing       | 1 2 |  2.0
Armour         | 1 2 |  2.0
Shields        | 1 2 |  2.0
Unarmed Combat | 1 2 |  2.0
Evocations     | 1 2 |  2.0
Conjurations   | 1 |  1.6
Hexes          | 1 |  1.6
Summonings     | 1 |  1.6
Necromancy     | 1 |  1.6
Translocations | 1 |  1.6
Transmutations | 1 |  1.6
Ice Magic      | 1 |  1.6
Air Magic      | 1 |  1.6
Earth Magic    | 1 |  1.6
Poison Magic   | 1 |  1.6
Fighting       | 3 |  3.3
Dodging        | 3 |  3.3
Stealth        | 3 |  3.1
Slings         | 5 |  5.0

Action                   |  1- 3 |  4- 6 || total
-------------------------+-------+-------++-------
Melee: Hand axe          |    94 |    70 ||   164
       Bite              |    11 |     4 ||    15
       Punch             |     1 |       ||     1
 Cast: Foxfire           |    20 |    49 ||    69
       Apportation       |       |     1 ||     1
Evoke: Wand              |       |     1 ||     1
  Use: Scroll            |     5 |     5 ||    10
       Potion            |       |     4 ||     4
 Stab: Sleeping          |     5 |     1 ||     6
Armor: Robe              |    30 |    17 ||    47
       Skin              |       |    10 ||    10
Dodge: Dodged            |    81 |    74 ||   155

Table legend: (Time is in decaauts)
 A = Elapsed time spent in this place.
 B = Non-inter-level travel time spent in this place.
 C = Inter-level travel time spent in this place.
 D = Time resting spent in this place.
 E = Time spent auto-exploring this place.
 F = Levels seen in this place.
 G = Mean time per level.
                   A        B        C        D        E       F      G
               +--------+--------+--------+--------+--------+-----+--------+
         Total |   4345 |   4248 |     97 |    359 |   3042 |   8 |  543.1 |
       Dungeon |   4345 |   4248 |     97 |    359 |   3042 |   8 |  543.1 |
               +--------+--------+--------+--------+--------+-----+--------+

Top non-repeatable levels by time:
     D:1: 1462 daAuts
     D:4: 1032 daAuts
     D:2: 773 daAuts
     D:3: 623 daAuts
     D:5: 333 daAuts
     D:7: 65 daAuts
     D:6: 53 daAuts
     D:8: 1 daAuts
